PCL
SPOKANE TRAPPERS @ SANTA MONICA BRUINS
06/22/2023
 
TOP OF THE 1ST
Spokane Trappers batting - Pitching for Santa Monica Bruins : RHP Santiago González
Pitching: RHP Santiago González
Batting: RHB Pedro Guzmán 0-0: Called Strike
0-1: Ground out 5-3 (Groundball, 5)
Batting: RHB Mario Hernández 0-0: Fly out, F8 (Flyball, 8LD)
Batting: RHB Ernesto Acosta 0-0: Ball
1-0: Swinging Strike
1-1: Ball
2-1: Foul Ball, location: 2F
2-2: Ball
3-2: Foul Ball, location: 2F
3-2: Strikes out looking
Top of the 1st over - 0 run(s), 0 hit(s), 0 error(s), 0 left on base; Spokane 0 - Santa Monica 0
BOTTOM OF THE 1ST
Santa Monica Bruins batting - Pitching for Spokane Trappers : RHP Tomás Molina
Pitching: RHP Tomás Molina
Batting: RHB Alonso Sánchez 0-0: Foul Ball, location: 2F
0-1: Called Strike
0-2: SOLO HOME RUN (Flyball, 7LD), Distance : 330 ft
Batting: RHB Lorenzo Martínez 0-0: Foul Ball, location: 2F
0-1: Ball
1-1: Foul Ball, location: 2F
1-2: Foul Ball, location: 2F
1-2: Ball
2-2: Strikes out swinging
Batting: LHB Patrick Osborne 0-0: Ball
1-0: Foul Ball, location: 2F
1-1: Foul Ball, location: 2F
1-2: Ball
2-2: Foul Ball, location: 2F
2-2: Foul Ball, location: 2F
2-2: Ball
3-2: Foul Ball, location: 2F
3-2: Base on Balls
Batting: LHB Germán Charfauros 0-0: Ball
1-0: Called Strike
1-1: Swinging Strike
1-2: Strikes out swinging
Batting: RHB Danny Crouch 0-0: Called Strike
0-1: Ball
1-1: Ball
2-1: Called Strike
2-2: Ground out 4-3 (Groundball, 4)
Bottom of the 1st over - 1 run(s), 1 hit(s), 0 error(s), 1 left on base; Spokane 0 - Santa Monica 1
TOP OF THE 2ND
Spokane Trappers batting - Pitching for Santa Monica Bruins : RHP Santiago González
Batting: LHB Juan Cortés 0-0: Foul Ball, location: 2F
0-1: Ball
1-1: Reaches on Catchers interference
Batting: RHB John Craig 0-0: Ball
1-0: Ball
2-0: Called Strike
2-1: Called Strike
2-2: Strikes out swinging
Batting: LHB Pete Carter 0-0: Called Strike
0-1: Ball
1-1: Ball
2-1: Ball
3-1: Base on Balls
Juan Cortés to second
Batting: RHB Guy Miller 0-0: SINGLE (Groundball, 56)
Juan Cortés to third
Pete Carter to second
Runner from 3rd tries for Home, SAFE, no throw or cutoff
Batting: RHB Hyo-sang Yu 0-0: Grounds into double play, 6-4-3 (Groundball, 6)
Top of the 2nd over - 1 run(s), 1 hit(s), 1 error(s), 1 left on base; Spokane 1 - Santa Monica 1
BOTTOM OF THE 2ND
Santa Monica Bruins batting - Pitching for Spokane Trappers : RHP Tomás Molina
Batting: LHB Matsusuke Yamasaki 0-0: Ball
1-0: Ball
2-0: Swinging Strike
2-1: Ball
3-1: Base on Balls
Batting: RHB Beco Lombo 0-0: Ball
1-0: Swinging Strike
1-1: Ball
2-1: Ball
3-1: Called Strike
3-2: Foul Ball, location: 2F
3-2: Grounds into double play, 4-6-3 (Groundball, 4)
Batting: LHB Fernando De La Cruz 0-0: Ball
1-0: Ball
2-0: Ball
3-0: Base on Balls
Batting: LHB Juan Sánchez 0-0: Ball
1-0: Ball
2-0: Ball
3-0: Called Strike
3-1: Base on Balls
Fernando De La Cruz to second
Batting: RHB Alonso Sánchez 0-0: Ball
1-0: Called Strike
1-1: Foul Ball, location: 2F
1-2: Foul Ball, location: 2F
1-2: Strikes out swinging
Bottom of the 2nd over - 0 run(s), 0 hit(s), 0 error(s), 2 left on base; Spokane 1 - Santa Monica 1
TOP OF THE 3RD
Spokane Trappers batting - Pitching for Santa Monica Bruins : RHP Santiago González
Batting: RHB Dani Rodríguez 0-0: Ball
1-0: SINGLE (Line Drive, 6D)
Batting: RHB Pedro Guzmán 0-0: Ball
1-0: Ball
2-0: Ball
Wild Pitch!
Dani Rodríguez to second
3-0: Called Strike
3-1: Fly out, F9 (Line Drive, 9S)
Batting: RHB Mario Hernández 0-0: Ball
1-0: SINGLE (Groundball, 13) (infield hit)
Dani Rodríguez to third
Batting: RHB Ernesto Acosta 0-0: Ball
1-0: Ball
2-0: Ball
Pickoff Throw to First - Out!
3-0: Called Strike
3-1: Base on Balls
Batting: LHB Juan Cortés 0-0: Swinging Strike
0-1: Swinging Strike
0-2: Ball
1-2: Ball
2-2: Foul Ball, location: 2F
2-2: Ball
3-2: Strikes out swinging
Top of the 3rd over - 0 run(s), 2 hit(s), 0 error(s), 2 left on base; Spokane 1 - Santa Monica 1
BOTTOM OF THE 3RD
Santa Monica Bruins batting - Pitching for Spokane Trappers : RHP Tomás Molina
Batting: RHB Lorenzo Martínez 0-0: Ground out 4-3 (Groundball, 4)
Batting: LHB Patrick Osborne 0-0: Called Strike
0-1: SINGLE (Groundball, 4MD)
Batting: LHB Germán Charfauros 0-0: Ball
1-0: Foul Ball, location: 2F
1-1: Swinging Strike
1-2: Strikes out swinging
Batting: RHB Danny Crouch 0-0: Ball
1-0: Ball
2-0: SINGLE (Line Drive, 8RS)
Patrick Osborne to second
Batting: LHB Matsusuke Yamasaki 0-0: Ball
1-0: Foul Ball, location: 2F
1-1: Swinging Strike
1-2: Strikes out swinging
Bottom of the 3rd over - 0 run(s), 2 hit(s), 0 error(s), 2 left on base; Spokane 1 - Santa Monica 1
TOP OF THE 4TH
Spokane Trappers batting - Pitching for Santa Monica Bruins : RHP Santiago González
Batting: RHB John Craig 0-0: Ground out 6-3 (Groundball, 6)
Batting: LHB Pete Carter 0-0: Called Strike
0-1: Ball
1-1: Swinging Strike
1-2: Ball
2-2: Strikes out swinging
Batting: RHB Guy Miller 0-0: Ball
1-0: Called Strike
1-1: Ball
2-1: Foul Ball, location: 2F
2-2: Ball
3-2: Base on Balls
Batting: RHB Hyo-sang Yu 0-0: Swinging Strike
0-1: Swinging Strike
0-2: Ball
1-2: Fielders Choice at 2nd, 6-4 (Groundball, 6)
Top of the 4th over - 0 run(s), 0 hit(s), 0 error(s), 0 left on base; Spokane 1 - Santa Monica 1
BOTTOM OF THE 4TH
Santa Monica Bruins batting - Pitching for Spokane Trappers : RHP Tomás Molina
Batting: RHB Beco Lombo 0-0: Ball
1-0: Ball
2-0: Swinging Strike
2-1: Foul Ball, location: 2F
2-2: Ball
3-2: Strikes out swinging
Batting: LHB Fernando De La Cruz 0-0: Ball
1-0: Foul Ball, location: 2F
1-1: Ball
2-1: Foul Ball, location: 2F
2-2: Strikes out swinging
Batting: LHB Juan Sánchez 0-0: Called Strike
0-1: Ball
1-1: Swinging Strike
1-2: Ball
2-2: Fly out, F8 (Line Drive, 8RD)
Bottom of the 4th over - 0 run(s), 0 hit(s), 0 error(s), 0 left on base; Spokane 1 - Santa Monica 1
TOP OF THE 5TH
Spokane Trappers batting - Pitching for Santa Monica Bruins : RHP Santiago González
Batting: RHB Dani Rodríguez 0-0: Called Strike
0-1: Ground out 6-3 (Groundball, 6)
Batting: RHB Pedro Guzmán 0-0: Foul Ball, location: 2F
0-1: Ball
1-1: Foul Ball, location: 2F
1-2: Fly out, F9 (Flyball, 9M)
Batting: RHB Mario Hernández 0-0: Ground out 1-3 (Groundball, 13S)
Top of the 5th over - 0 run(s), 0 hit(s), 0 error(s), 0 left on base; Spokane 1 - Santa Monica 1
BOTTOM OF THE 5TH
Santa Monica Bruins batting - Pitching for Spokane Trappers : RHP Tomás Molina
Batting: RHB Alonso Sánchez 0-0: Foul Ball, location: 2F
0-1: Ground out 1-3 (Groundball, 15S)
Batting: RHB Lorenzo Martínez 0-0: Swinging Strike
0-1: Ball
1-1: Called Strike
1-2: Strikes out swinging
Batting: LHB Patrick Osborne 0-0: Ball
1-0: Ball
2-0: Ball
3-0: Called Strike
3-1: Ground out 3-1 (Groundball, 34)
Bottom of the 5th over - 0 run(s), 0 hit(s), 0 error(s), 0 left on base; Spokane 1 - Santa Monica 1
TOP OF THE 6TH
Spokane Trappers batting - Pitching for Santa Monica Bruins : RHP Santiago González
Batting: RHB Ernesto Acosta 0-0: Ball
1-0: Foul Ball, location: 2F
1-1: Foul Ball, location: 2F
1-2: Ball
2-2: Ball
3-2: Strikes out swinging
Batting: LHB Juan Cortés 0-0: Ground out 6-3 (Groundball, 6M)
Batting: RHB John Craig 0-0: Ball
1-0: Ball
2-0: Called Strike
2-1: Ground out 5-3 (Groundball, 5S)
Top of the 6th over - 0 run(s), 0 hit(s), 0 error(s), 0 left on base; Spokane 1 - Santa Monica 1
BOTTOM OF THE 6TH
Santa Monica Bruins batting - Pitching for Spokane Trappers : RHP Tomás Molina
Batting: LHB Germán Charfauros 0-0: Foul Ball, location: 2F
0-1: Called Strike
0-2: Fly out, F7 (Flyball, 78M)
Batting: RHB Danny Crouch 0-0: Called Strike
0-1: Fly out, F7 (Flyball, 7D)
Batting: LHB Matsusuke Yamasaki 0-0: Ball
1-0: SINGLE (Groundball, 4MD)
Pitching: RHP Jake Jones
Batting: RHB Beco Lombo 0-0: Ball
1-0: Ball
2-0: Called Strike
2-1: Foul Ball, location: 2F
2-2: Ball
3-2: Foul Ball, location: 2F
3-2: Foul Ball, location: 2F
3-2: SINGLE (Groundball, 34D)
Matsusuke Yamasaki to second
Matsusuke Yamasaki to third
Batting: LHB Fernando De La Cruz 0-0: Ball
1-0: Called Strike
1-1: Fly out, F4 (Line Drive, 4)
Bottom of the 6th over - 0 run(s), 2 hit(s), 0 error(s), 2 left on base; Spokane 1 - Santa Monica 1
TOP OF THE 7TH
Spokane Trappers batting - Pitching for Santa Monica Bruins : RHP Santiago González
Batting: LHB Pete Carter 0-0: Ball
1-0: DOUBLE (Line Drive, 8LS)
Batting: RHB Guy Miller 0-0: Ball
1-0: Called Strike
1-1: DOUBLE (Flyball, 7LS)
Pete Carter scores
Pinch Hitting: LHB Henry Leroux 0-0: Intentional Walk
Pinch Hitting: LHB Fernando Pérez 0-0: Foul Ball, location: 2F
0-1: Bunt missed!
0-2: Ball
1-2: Fly out, F9 (Flyball, 89S)
Batting: RHB Pedro Guzmán 0-0: Ball
1-0: Grounds into double play, 4-6-3 (Groundball, 34)
Top of the 7th over - 1 run(s), 2 hit(s), 0 error(s), 1 left on base; Spokane 2 - Santa Monica 1
BOTTOM OF THE 7TH
Santa Monica Bruins batting - Pitching for Spokane Trappers : RHP Jake Jones
Now at SS: Todd Rockburn
Now in LF: Henry Leroux
Batting: LHB Juan Sánchez 0-0: Fly out, F7 (Flyball, 7M)
Batting: RHB Alonso Sánchez 0-0: Ball
1-0: Called Strike
1-1: Fly out, F8 (Flyball, 8RXD)
Batting: RHB Lorenzo Martínez 0-0: Ball
1-0: Foul Ball, location: 2F
1-1: Foul Ball, location: 2F
1-2: Strikes out swinging
Bottom of the 7th over - 0 run(s), 0 hit(s), 0 error(s), 0 left on base; Spokane 2 - Santa Monica 1
TOP OF THE 8TH
Spokane Trappers batting - Pitching for Santa Monica Bruins : RHP Santiago González
Pitching: RHP Ron Henningar
Batting: RHB Mario Hernández 0-0: Ball
1-0: Ball
2-0: Called Strike
2-1: Fly out, F8 (Flyball, 8LM)
Batting: RHB Ernesto Acosta 0-0: Ball
1-0: DOUBLE (Line Drive, 5L)
Batting: LHB Juan Cortés 0-0: Intentional Walk
Pinch Hitting: SHB António Hinojosa 0-0: Fly out, F6 (Popup, 6D)
Batting: LHB Pete Carter 0-0: Called Strike
0-1: Foul Ball, location: 2F
0-2: Strikes out swinging
Top of the 8th over - 0 run(s), 1 hit(s), 0 error(s), 2 left on base; Spokane 2 - Santa Monica 1
BOTTOM OF THE 8TH
Santa Monica Bruins batting - Pitching for Spokane Trappers : RHP Jake Jones
Pitching: LHP Júlio Hernández
Now at 2B: Clyde Kelley
Batting: LHB Patrick Osborne 0-0: Swinging Strike
0-1: Ball
1-1: Foul Ball, location: 2F
1-2: Ball
2-2: Fly out, F8 (Line Drive, 8LD)
Batting: LHB Germán Charfauros 0-0: Called Strike
0-1: Swinging Strike
0-2: Ball
1-2: Strikes out looking
Pitching: RHP Edgardo Martínez
Batting: RHB Danny Crouch 0-0: Called Strike
0-1: Foul Ball, location: 2F
0-2: Ball
1-2: Ground out 4-3 (Groundball, 4)
Bottom of the 8th over - 0 run(s), 0 hit(s), 0 error(s), 0 left on base; Spokane 2 - Santa Monica 1
TOP OF THE 9TH
Spokane Trappers batting - Pitching for Santa Monica Bruins : RHP Ron Henningar
Batting: RHB Guy Miller 0-0: Ball
1-0: Ball
2-0: Ball
3-0: Base on Balls
Batting: LHB Henry Leroux 0-0: SINGLE (Line Drive, 7LS)
Guy Miller to second
Batting: RHB Todd Rockburn 0-0: Ball
1-0: Bunted foul
1-1: Bunted foul
1-2: Ball
2-2: Fly out, F8 (Flyball, 78M)
Pinch Hitting: LHB José Feliciano 0-0: Ball
1-0: Ball
2-0: Ground out 5-3 (Groundball, 5S)
Guy Miller to third
Henry Leroux to second
Batting: RHB Mario Hernández 0-0: Ball
1-0: DOUBLE (Groundball, 3L)
Guy Miller scores
Henry Leroux scores
Batting: RHB Ernesto Acosta 0-0: Ball
1-0: Ground out 4-3 (Groundball, 4)
Top of the 9th over - 2 run(s), 2 hit(s), 0 error(s), 1 left on base; Spokane 4 - Santa Monica 1
BOTTOM OF THE 9TH
Santa Monica Bruins batting - Pitching for Spokane Trappers : RHP Edgardo Martínez
Pitching: RHP José Ortíz
Now at 3B: Carmelo Hernández
Batting: LHB Matsusuke Yamasaki 0-0: Called Strike
0-1: Swinging Strike
0-2: Ball
1-2: Strikes out swinging
Batting: RHB Beco Lombo 0-0: Ball
1-0: Swinging Strike
1-1: SOLO HOME RUN (Line Drive, 9D), Distance : 354 ft
Batting: LHB Fernando De La Cruz 0-0: Ball
1-0: Ball
2-0: Ball
3-0: Base on Balls
Batting: LHB Juan Sánchez 0-0: Called Strike
0-1: Ball
1-1: Ball
2-1: Ball
3-1: Fly out, F9 (Flyball, 9M)
Pinch Hitting: RHB Motoshige Yagi 0-0: Called Strike
0-1: Fly out, F4 (Popup, 4D)
Bottom of the 9th over - 1 run(s), 1 hit(s), 0 error(s), 1 left on base; Spokane 4 - Santa Monica 2
This league is powered by Out of the Park Baseball, the baseball management simulation game for PC, Mac and Linux
Wednesday, December 2nd, 2015 - OOTP Baseball 16.8 Build 38